 Dungeon Crawl Stone Soup version 0.29.1-4-g47bece8355 (webtiles) character file.

Game seed: 6061452932704275375

15439 fishmans the Cleaver (level 12, -9/81 HPs)
             Began as a Minotaur Berserker on Dec 1, 2022.
             Was an Elder of Trog.
             Mangled by a sun demon (19 damage)
             ... on level 12 of the Dungeon.
             The game lasted 02:16:19 (16390 turns).

fishmans the Cleaver (Minotaur Berserker)          Turns: 16390, Time: 02:16:20

Health: -9/81      AC: 25    Str: 23 (25) XL:     12   Next: 1%
Magic:  11/11      EV:  8    Int:  4      God:    Trog [****..]
Gold:   555        SH:  0    Dex:  8 (9)  Spells: 11/11 levels left

rFire   x . .      SeeInvis .   a - +7 bardiche "Bepuuw" {flame, rElec rF- rN+++ Str-3}
rCold   . . .      Faith    .   (shield currently unavailable)
rNeg    + + +      Spirit   .   Y - +0 plate armour
rPois   .          Reflect  .   (helmet restricted)
rElec   +          Harm     .   (no cloak)
rCorr   +          Rampage  .   C - +1 pair of gloves
Will    .....                   z - +2 pair of boots
Stlth   ..........              I - amulet of regeneration
HPRegen 1.03/turn               o - +4 ring of protection
MPRegen 0.12/turn               l - ring of resist corrosion

@: no status effects
A: horns 2, retaliatory headbutt, deterioration 1, frail 1, screaming 1, no
potion heal 1
a: Renounce Religion, Berserk, Trog's Hand, Brothers in Arms


You were on level 12 of the Dungeon.
You worshipped Trog.
Trog was greatly pleased with you.
You visited 2 branches of the dungeon, and saw 13 of its levels.

You collected 653 gold pieces.
You spent 98 gold pieces at shops.

Inventory:

Hand Weapons
 a - the +7 bardiche "Bepuuw" (weapon) {flame, rElec rF- rN+++ Str-3}
   (You acquired it on level 9 of the Dungeon)

   It burns those it strikes, dealing additional fire damage.
   Big, fiery blades are also staple armaments of hydra-hunters.
   Str:       It affects your strength (-3).
   rF:        It makes you vulnerable to fire.
   rElec:     It insulates you from electricity.
   rN:        It renders you almost immune to negative energy.
 n - a +0 morningstar
 G - a +0 flail
 K - a +0 war axe
 O - a +4 trident
 P - a +3 spear
 S - a +5 halberd
Missiles
 b - 3 boomerangs of dispersal
 d - 12 boomerangs
 f - 115 stones
 k - 19 poisoned darts (quivered)
 u - a throwing net
 v - 3 silver javelins
Armour
 p - a +0 chain mail
 z - a +2 pair of boots (worn)
 C - a +1 pair of gloves (worn)
 D - +0 acid dragon scales
 E - the +2 leather armour of a Billion Allies {rElec Will+ Regen+}
   (You found it on level 5 of the Dungeon)

   rElec:     It insulates you from electricity.
   Regen:     It increases your rate of health regeneration.
   Will:      It increases your willpower.
 W - a +2 pair of boots
 Y - a +0 plate armour (worn)
Jewellery
 l - a ring of resist corrosion (right hand)
 o - a +4 ring of protection (left hand)
 y - a ring of protection from cold
 A - a +4 ring of slaying
 I - an amulet of regeneration (around neck)
Wands
 q - a wand of digging (2)
 H - a wand of paralysis (5)
 L - a wand of polymorph (10)
 Q - a wand of roots (8)
 R - a wand of flame (4)
Scrolls
 j - a scroll of enchant weapon
 w - 3 scrolls of teleportation
 F - 2 scrolls of enchant armour
 U - 4 scrolls of magic mapping
 V - 2 scrolls of silence
 X - a scroll of vulnerability
 Z - a scroll of fear
Potions
 c - 5 potions of flight
 e - a potion of ambrosia
 g - 5 potions of mutation
 m - a potion of might
 r - a potion of berserk rage
 s - 2 potions of brilliance
 t - a potion of cancellation {unknown}
 x - 4 potions of attraction
 B - 2 potions of curing
 J - 3 potions of heal wounds
 T - a potion of degeneration {unknown}


   Skills:
 - Level 3.8 Fighting
 - Level 14.1(15.8) Axes
 + Level 11.5(14.5) Polearms
 + Level 8.8 Throwing
 + Level 11.0 Armour
 - Level 2.4 Dodging


You had 11 spell levels left.
You didn't know any spells.
Your spell library was empty.

Dungeon Overview and Level Annotations

Branches:
Dungeon (12/15)            Temple (1/1) D:4             Orc (0/2) D:10
   Lair: D:8-11

Altars:
Ashenzari
Cheibriados
Elyvilon
Fedhas
Gozag
Hepliaklqana
Kikubaaqudgha
Makhleb
Nemelex Xobeh
Okawaru
Qazlal
Ru
Sif Muna
Trog
Vehumet
Wu Jian
Yredelemnul
The Shining One

Shops:
D:6 (

Annotations:
D:11 3 runed translucent doors, FizzleBangTC's ghost, journeyman MeEE


Innate Abilities, Weirdness & Mutations

You have a pair of horns on your head.
You reflexively headbutt those who attack you in melee.
Your body sometimes deteriorates upon taking damage.
You are frail. (-10% HP)
You occasionally shout uncontrollably at your foes.
Potions are less effective at restoring your health.


Message History

Blink to where?
Press: ? - help, Dir - move target A boulder beetle comes into view.
You yell at the boulder beetle!
Found a stone staircase leading down.
As you read the scroll of blinking, it crumbles to dust.
You hear a shout!
As you read the scroll of teleportation, it crumbles to dust.
You feel strangely unstable. The sun demon hits you!
You are engulfed in flames!!
The fire burns you terribly!
* * * LOW HITPOINT WARNING * * *
Your system partially rejects the healing.
You feel better.
The sun demon hits you but does no damage.
The soul eater attacks as you move away!
The soul eater hits you!
* * * LOW HITPOINT WARNING * * *
Your surroundings suddenly seem different.
You start resting.
HP restored.
You see here a ring of wizardry.
The sun demon shouts!
You slash the sun demon!
The sun demon is moderately wounded.
The sun demon hits you!
You are engulfed in flames!!
The fire burns you terribly!
Your body deteriorates!
You feel weakened.
You closely miss the sun demon.
The sun demon is moderately wounded.
The sun demon hits you.
You are engulfed in flames!!
The fire burns you terribly!
* * * LOW HITPOINT WARNING * * *
The sun demon barely misses you.
Aiming: Paralyse
Press: ? - help, Shift-Dir - straight line, f - sun demon
Aim: a sun demon (moderately wounded, chance to affect: 7%)
The sun demon resists with almost no effort.
The sun demon hits you!
* * * LOW HITPOINT WARNING * * *
You are engulfed in flames!!
The fire burns you terribly!
You die...

#.....#...............
#.....#...............
#.....####............
#........#..........).
#........#............
#........#..........##
#........############.
#....3................
##...@................
#....................
#....................
#....................
#....................
#.......###..........
#..<....# #..........
####....# #......P~..
#....# ######..≈~~


You could see a sun demon.

Vanquished Creatures
  A boulder beetle (D:11)
  2 two-headed ogres
  Erica (D:11)
  A soul eater (D:12)
  Nergalle (D:11)
  An orc knight (D:9)
  A manticore (D:12)
  A smoke demon (D:11)
  2 gargoyles
  A troll (D:10)
  2 hornets
  Grinder (D:6)
  2 shadows (D:12)
  Sigmund (D:3)
  A vampire (D:11)
  20 yaks
  A wyvern (D:9)
  3 vampire mosquitoes (D:12)
  A steam dragon (D:7)
  2 neqoxecs (D:12)
  Menkaure (D:6)
  3 acid dragons (D:11)
  4 water moccasins
  6 orc warriors
  2 ogres
  4 centaurs
  2 phantoms (D:6)
  2 kobold brigands
  Blork the orc (D:6)
  4 bullfrogs
  2 scorpions
  7 wights
  A gnoll sergeant (D:9)
  8 killer bees
  6 howler monkeys
  2 quasits (D:12)
  A gnoll bouda (D:8)
  A jelly (D:6)
  8 orc priests
  Crazy Yiuf (D:6)
  Jessica (D:3)
  3 iguanas
  11 orc wizards
  Robin (D:2)
  13 gnolls
  6 adders
  2 white imps (D:5)
  An ufetubus (D:5)
  2 worms
  4 dart slugs
  44 orcs
  4 endoplasms
  3 giant cockroaches
  8 hobgoblins
  6 jackals
  15 kobolds
  4 quokkas
  7 ball pythons
  2 bats
  7 frilled lizards
  10 goblins
  4 rats
270 creatures vanquished.

Vanquished Creatures (collateral kills)
  An ugly thing (D:10)
1 creature vanquished.

Vanquished Creatures (others)
  An orc wizard (D:12)
  7 demonic plants (D:12)
8 creatures vanquished.

Grand Total: 279 creatures vanquished

Notes
Turn   | Place    | Note
-------+----------+-------------------------------------------
     0 | D:1      | fishmans the Minotaur Berserker began the quest for the
                  | Orb.
     0 | D:1      | Reached XP level 1. HP: 19/19 MP: 0/0
   192 | D:1      | Found a faded altar of an unknown god.
   390 | D:1      | Reached XP level 2. HP: 27/27 MP: 1/1
   521 | D:1      | Reached skill level 4 in Axes
   918 | D:1      | Reached XP level 3. HP: 28/33 MP: 2/2
  1313 | D:1      | Reached ** piety under Trog
  1565 | D:2      | Reached skill level 5 in Axes
  2397 | D:3      | Reached XP level 4. HP: 40/40 MP: 3/3
  2466 | D:3      | Noticed Jessica
  2483 | D:3      | Killed Jessica
  2484 | D:3      | Reached skill level 6 in Axes
  2714 | D:3      | Noticed Sigmund
  3012 | D:3      | Killed Sigmund
  3013 | D:3      | Reached skill level 7 in Axes
  3013 | D:3      | Reached XP level 5. HP: 31/46 MP: 4/4
  3013 | D:3      | Reached XP level 6. HP: 35/52 MP: 5/5
  3390 | D:3      | Reached skill level 8 in Axes
  3406 | D:3      | Found a radiant altar of Vehumet.
  3601 | D:3      | Noticed Robin
  3657 | D:2      | Killed Robin
  4053 | D:4      | Found an opulent altar of Gozag.
  4340 | D:4      | Reached *** piety under Trog
  4438 | D:4      | Found a hazy altar of Hepliaklqana.
  4858 | D:4      | Found a staircase to the Ecumenical Temple.
  4878 | Temple   | Entered the Ecumenical Temple
  4966 | D:5      | Entered Level 5 of the Dungeon
  5371 | D:5      | Reached skill level 9 in Axes
  5475 | D:5      | Reached XP level 7. HP: 34/58 MP: 6/6
  5869 | D:5      | Identified the +2 leather armour of a Billion Allies {rElec
                  | Will+ Regen+}
  6486 | D:5      | Reached skill level 10 in Axes
  6879 | D:6      | Noticed Blork the orc
  6903 | D:6      | Killed Blork the orc
  6941 | D:6      | Found Vem Faff's Antique Weapon Shoppe.
  6988 | D:6      | Reached skill level 11 in Axes
  7012 | D:6      | Noticed Grinder
  7021 | D:6      | Killed Grinder
  7022 | D:6      | Reached XP level 8. HP: 66/66 MP: 7/7
  7067 | D:6      | Noticed Menkaure
  7093 | D:6      | Killed Menkaure
  7094 | D:6      | Reached skill level 12 in Axes
  7204 | D:6      | Bought a war axe for 98 gold pieces
  7339 | D:6      | Reached skill level 1 in Polearms
  7711 | D:6      | Found a runed translucent door.
  7712 | D:6      | Noticed Crazy Yiuf
  7726 | D:6      | Killed Crazy Yiuf
  8347 | D:7      | Reached skill level 13 in Axes
  8379 | D:7      | Reached XP level 9. HP: 71/71 MP: 8/8
  8630 | D:7      | Found a shimmering blue altar of Sif Muna.
  8792 | D:7      | Found a blossoming altar of Fedhas.
  9004 | D:7      | Reached skill level 14 in Axes
  9176 | D:8      | Reached skill level 1 in Throwing
  9359 | D:8      | Reached skill level 5 in Polearms
  9465 | D:8      | Reached **** piety under Trog
  9549 | D:8      | Noticed a two-headed ogre
  9567 | D:8      | Killed a two-headed ogre
  9665 | D:8      | Reached skill level 5 in Armour
 10493 | D:8      | Reached XP level 10. HP: 64/78 MP: 9/9
 10654 | D:9      | Found an iron altar of Okawaru.
 10935 | D:8      | Reached skill level 5 in Throwing
 11248 | D:9      | Found an ancient bone altar of Kikubaaqudgha.
 11784 | D:9      | Found a stormy altar of Qazlal.
 11784 | D:9      | Found a bloodstained altar of Trog.
 12151 | D:9      | Identified a scroll of acquirement
 12151 | D:9      | Acquired the +7 bardiche "Bepuuw" {flame, rElec rF- rN+++
                  | Str-3}
 12166 | D:10     | Entered Level 10 of the Dungeon
 12287 | D:10     | Noticed an orc knight
 12302 | D:9      | Killed an orc knight
 12426 | D:10     | Reached XP level 11. HP: 83/83 MP: 10/10
 12602 | D:10     | Found a staircase to the Orcish Mines.
 13000 | D:10     | Reached ***** piety under Trog
 13205 | D:11     | Noticed a brown ugly thing
 13224 | D:10     | Killed a brown ugly thing
 13225 | D:10     | Reached skill level 10 in Polearms
 13361 | D:11     | Noticed a deep elf pyromancer
 13363 | D:11     | Noticed FizzleBangTC's ghost (journeyman MeEE)
 13368 | D:11     | Noticed a two-headed ogre
 13368 | D:11     | Noticed a boulder beetle
 13368 | D:11     | Noticed a deep elf pyromancer
 13537 | D:11     | Acquired a ring of resist corrosion
 13573 | D:11     | Found a runed translucent gate.
 13573 | D:11     | Found a runed translucent gate.
 13659 | D:11     | Found a runed translucent gate.
 13924 | D:11     | Noticed Erica
 13966 | D:11     | Killed Erica
 14003 | D:11     | Noticed a two-headed ogre
 14040 | D:11     | Killed a two-headed ogre
 14041 | D:11     | Reached skill level 10 in Armour
 14299 | D:11     | Noticed Nergalle
 14328 | D:11     | Killed Nergalle
 14393 | D:11     | Noticed a boulder beetle
 14434 | D:11     | Killed a boulder beetle
 14955 | D:12     | Noticed a soul eater
 14956 | D:12     | Noticed a soul eater
 15004 | D:11     | Noticed an ettin
 15437 | D:11     | Noticed a quicksilver dragon
 15440 | D:11     | Noticed a death yak
 15440 | D:11     | a quicksilver dragon changed into a death yak
 15653 | D:12     | Gained mutation: You are frail. (-10% HP) [a neqoxec]
 15659 | D:12     | Gained mutation: You occasionally shout uncontrollably at
                  | your foes. [a neqoxec]
 15674 | D:12     | Gained mutation: Potions are less effective at restoring
                  | your health. [a neqoxec]
 15803 | D:12     | Killed a soul eater
 15939 | D:12     | Reached XP level 12. HP: 81/81 MP: 11/11
 16057 | D:12     | Gained mutation: Your body sometimes deteriorates upon
                  | taking damage. [a neqoxec]
 16190 | D:12     | Noticed a boulder beetle
 16390 | D:12     | Mangled by a sun demon

Illustrated notes

Levels and vault maps discovered:
D:1:      matt_arrival_los_fun, layout_loops_cross,
          chequers_ecumenical_altar_simple_redux, minivault_25
D:2:      minmay_spotlight, layout_basic, nrook_campfire
D:3:      layout_loops_ring, mainiacjoe_overflow_alcove_2, uniq_sigmund,
          uniq_robin, uniq_jessica
D:4:      layout_cave_pools, mainiacjoe_overflow_tiny_flanked,
          grunt_gozag_statues, minmay_temple_entry_poolview
D:5:      layout_gridville
D:6:      layout_layer_cave, serial_shops, nicolae_shop_statue_plus,
          uniq_crazy_yiuf_cottage, uniq_blork_the_orc, uniq_grinder,
          uniq_menkaure
D:7:      layout_cave_pools, mainiacjoe_overflow_chevrons,
          nicolae_overflow_crystal_walls, kennysheep_generic_room_16
D:8:      layout_cave_pools
D:9:      layout_irregular_city, mainiacjoe_overflow_small_starburst,
          nicolae_kikubaaqudgha_miasma_corner, gammafunk_temple_overflow_wave
D:10:     layout_cave_pools, orc_david_3
D:11:     layout_irregular_city, erik_lair_dragon, gammafunk_ghost_split,
          serial_column_ruins, column_ruins_grid_1,
          column_ruins_columns_dead_end, column_ruins_open_small,
          column_ruins_columns_straight, column_ruins_grid_3,
          kennysheep_cluttered_room, uniq_erica, uniq_nergalle
D:12:     layout_irregular_city, serial_shops, nicolae_shop_overgrown_old_shop,
          serial_demonic, serial_demonic_f, serial_demonic_e, serial_demonic_e,
          serial_demonic_c, serial_demonic_a, serial_demonic_f
Temple:   cyrus_circular_temple

Skill      XL: |  1  2  3  4  5  6  7  8  9 10 11 12 |
---------------+-------------------------------------+-----
Axes           | 4 5 7 9 11 13 14 | 14.1
Polearms       | 4 6 9 11 | 11.5
Armour         | 5 8 10 11 | 11.0
Throwing       | 3 6 8 |  8.8
Fighting       | |  3.8
Dodging        | |  2.4

Action                   |  1- 3 |  4- 6 |  7- 9 | 10-12 || total
-------------------------+-------+-------+-------+-------++-------
Melee: Hand axe          |    92 |   107 |    49 |       ||   248
       Headbutt          |    17 |    11 |    39 |    48 ||   115
       Punch             |     1 |       |       |       ||     1
       War axe           |       |       |    46 |       ||    46
       Trident           |       |       |    14 |       ||    14
       Halberd           |       |       |    63 |    80 ||   143
       Bardiche          |       |       |       |   163 ||   163
Throw: Boomerang         |     4 |    15 |    54 |    38 ||   111
       Dart              |       |       |       |     9 ||     9
Invok: Berserk           |     1 |     2 |     2 |     3 ||     8
       Trog's Hand       |       |     2 |     4 |       ||     6
       Brothers in Arms  |       |       |       |     1 ||     1
Evoke: Wand              |       |       |       |     2 ||     2
  Use: Scroll            |    10 |     3 |     7 |     9 ||    29
       Potion            |       |     1 |       |     2 ||     3
Armor: Animal skin       |     3 |       |       |       ||     3
       Scale mail        |    20 |       |       |       ||    20
       Chain mail        |     7 |    73 |   101 |    64 ||   245
       Plate armour      |       |       |       |   208 ||   208
Dodge: Dodged            |    46 |    56 |    78 |   141 ||   321
Block: Buckler           |       |     7 |     8 |       ||    15
